 Dungeon Crawl Stone Soup version 0.30-b1-2-g02819fbbbe (webtiles) character file.

Game seed: 8215841377413121409

37 Shozle the Sneak (level 3, 0/23 HPs)
             Began as a Kobold Delver on May 19, 2023.
             Slain by a hell rat (13 damage)
             ... in a sewer.
             The game lasted 00:01:27 (185 turns).

Shozle the Sneak (Kobold Delver)                     Turns: 185, Time: 00:01:28

Health: 0/23       AC:  3    Str:  9    XL:     3   Next: 60%
Magic:  3/3        EV: 14    Int: 11    God:
Gold:   0          SH:  0    Dex: 18    Spells: 2/2 levels left

rFire   . . .        a - +0 short sword
rCold   . . .        (no shield)
rNeg    . . .        b - +0 leather armour
rPois   .            (no helmet)
rElec   .            (no cloak)
rCorr   .            (no gloves)
SInv    .            (no boots)
Will    .....        (no amulet)
Stlth   +++++        (no ring)
HPRegen 0.23/turn    (no ring)
MPRegen 0.08/turn

%: no passive effects
@: no status effects
A: small, no large weapons, nightstalker 3
a: no special abilities


You were in a sewer.
You visited 1 branch of the dungeon, and saw 1 of its levels.
You also visited: Sewer.

Inventory:

Hand Weapons
 a - a +0 short sword (weapon)
Armour
 b - a +0 leather armour (worn)
Wands
 g - a wand of digging (3)
Scrolls
 c - a scroll of fog
 d - 2 scrolls of vulnerability {unknown}
 e - a scroll of fear
Potions
 f - a potion of haste


   Skills:
 - Level 3.2 Fighting
 + Level 4.0 Short Blades
 - Level 2.4 Dodging
 + Level 7.3 Stealth


You had 2 spell levels left.
You didn't know any spells.
Your spell library was empty.

Dungeon Overview and Level Annotations

Branches:
Dungeon (5/15)              Sewer (1/1)
 Temple: D:4-7

Altars:


Innate Abilities, Weirdness & Mutations

You are small and have problems with some larger weapons.
You are completely attuned to the shadows.


Message History

Your Short Blades skill increases to level 4!
The rat splashes around in the water.
You see here a river rat corpse.
You hit the rat.
The rat is severely wounded.
The rat bites you but does no damage.
You hit the rat but do no damage.
The rat is severely wounded.
You barely miss the rat.
The rat is severely wounded.
The rat splashes around in the water.
You completely miss the rat.
The rat is severely wounded.
The rat bites you.
You hit the rat.
You kill the rat!
You enter the shallow water.
Moving in this stuff is going to be slow.
You enter the shallow water.
Moving in this stuff is going to be slow.
You enter the shallow water.
Moving in this stuff is going to be slow.
You open the door.
A hell rat comes into view.
Found five items.
The hell rat roars deafeningly!
There is an open door here.
There are no items here.
You barely miss the hell rat. The hell rat bites you.
You hit the hell rat but do no damage. You closely miss the hell rat.
The hell rat bites you!
You hit the hell rat but do no damage. The hell rat misses you.
You barely miss the hell rat. The hell rat closely misses you.
You closely miss the hell rat.
The hell rat splashes around in the water.
You barely miss the hell rat.
The hell rat splashes around in the water.
You barely miss the hell rat. The hell rat bites you!
Ouch! That really hurt!
You die...

#########
###~.~†~~.###
###~~~..~..~~†###
#...~~##@##~....#
##..~###~r.###~..##
#~.~##.~~~~~~##†~~#
#..~#~~~~~~~.~#~~~#
#†~~##~)???!~##~~†#
##~~.### ###~~~##
#~.~~~#####~~~..#
###~~.~~∩.....###
##.~~∩~~~###


You could see a hell rat.

Vanquished Creatures
  3 river rats (Sewer)
  2 giant cockroaches (D:5)
  2 ball pythons (D:5)
  7 rats
14 creatures vanquished.

Notes
Turn   | Place    | Note
-------+----------+-------------------------------------------
     0 | D:5      | Shozle the Kobold Delver began the quest for the Orb.
     0 | D:5      | Reached XP level 1. HP: 14/14 MP: 1/1
    26 | D:5      | Found a glowing drain.
    60 | Sewer    | Entered a sewer
    69 | Sewer    | Reached skill level 7 in Stealth
    69 | Sewer    | Reached XP level 2. HP: 19/19 MP: 2/2
   145 | Sewer    | Reached XP level 3. HP: 23/23 MP: 3/3
   185 | Sewer    | Slain by a hell rat

Illustrated notes

Levels and vault maps discovered:
D:5:      layout_basic, mainiacjoe_overflow_boulevard, serial_undead,
          serial_undead_a, serial_undead_d, serial_undead_e, serial_undead_a,
          portal_sewer_entry_c, serial_shops, nicolae_shop_dealshenge,
          nicolae_shop_i_like_small_books_too, minmay_increasing_density,
          uniq_blork_the_orc
Sewer:    sewer_hellmonk_bad_rat

Skill      XL: |  1  2  3 |
---------------+----------+-----
Short Blades   | 3 4 |  4.0
Stealth        | 7 |  7.3
Fighting       | |  3.2
Dodging        | |  2.4

Action                     || total
---------------------------++-------
  Melee: Short sword       ||    45
    Use: Scroll            ||     1
   Stab: Sleeping          ||     6
 Armour: Leather armour    ||     6
  Dodge: Dodged            ||    17
